 Dungeon Crawl Stone Soup version 0.30.0-19-g36f170ea60 (webtiles) character file.

Game seed: 14124711732608421267

57237 Bnni the Earth Mage (level 15, -5/119 HPs)
             Began as a Formicid Earth Elementalist on May 30, 2023.
             Was an Elder of Cheibriados.
             Slain by a dire elephant (25 damage)
             ... on level 5 of the Lair of Beasts.
             The game lasted 01:03:59 (24437 turns).

Bnni the Earth Mage (Formicid Earth Elementalist)  Turns: 24437, Time: 01:04:01

Health: -5/119     AC: 22    Str: 23    XL:     15   Next: 25%
Magic:  4/30       EV:  8    Int: 32    God:    Cheibriados [****..]
Gold:   256        SH:  6    Dex: 24    Spells: 20/36 levels left

rFire   + . .        O - +3 war axe "Imuadwix" {venom, rElec rC+ rN+}
rCold   + . .        L - +0 buckler
rNeg    + . .        C - +0 plate armour
rPois   .            (helmet unavailable)
rElec   +            K - +2 cloak
rCorr   +            n - +1 pair of gloves
SInv    +            R - +0 pair of boots
Will    +....        y - amulet of magic regeneration Stlth
                     Q - ring of resist corrosion
HPRegen 0.39/turn    g - ring of protection from fire
MPRegen 0.62/turn

%: no passive effects
@: studying Armour, very slow
A: permanent stasis, dig shafts and tunnels, antennae 3, four strong arms
a: Dig, Shaft Self, Renounce Religion, Bend Time, Temporal Distortion, Slouch


You were on level 5 of the Lair of Beasts.
You worshipped Cheibriados.
Cheibriados was greatly pleased with you.
You visited 3 branches of the dungeon, and saw 19 of its levels.

You collected 1216 gold pieces.
You spent 960 gold pieces at shops.

Inventory:

Hand Weapons
 F - the +10 falchion of the Cup {flame, rCorr Int+4 Dex+3}
   (You found it on level 12 of the Dungeon)

   Int:       It affects your intelligence (+4).
   Dex:       It affects your dexterity (+3).
   rCorr:     It protects you from acid and corrosion.
 O - the +3 war axe "Imuadwix" (weapon) {venom, rElec rC+ rN+}
   (You found it on level 2 of the Lair of Beasts)

   rC:        It protects you from cold.
   rElec:     It insulates you from electricity.
   rN:        It protects you from negative energy.
Missiles
 j - 27 poisoned darts
 B - a throwing net
 D - 2 curare-tipped darts
Armour
 n - a +1 pair of gloves (worn)
 C - a +0 plate armour (worn)
 K - a +2 cloak (worn)
 L - a +0 buckler (worn)
 R - a +0 pair of boots (worn)
Jewellery
 d - a ring of protection from fire
 g - a ring of protection from fire (right hand)
 o - a ring of wizardry
 y - an amulet of magic regeneration (around neck)
 Q - a ring of resist corrosion (left hand)
Wands
 x - a wand of flame (32)
 E - a wand of iceblast (16)
 N - a wand of acid (7)
 T - a wand of polymorph (8)
Scrolls
 k - 3 scrolls of amnesia
 m - 2 scrolls of immolation
 q - 2 scrolls of poison
 r - a scroll of blinking {unknown}
 t - a scroll of brand weapon
 u - 3 scrolls of vulnerability
 A - a scroll of acquirement {unknown}
 G - 2 scrolls of enchant weapon
 H - a scroll of silence
 I - 2 scrolls of fog
 P - a scroll of enchant armour
 S - 2 scrolls of magic mapping
Potions
 a - 2 potions of cancellation {unknown}
 b - 4 potions of magic
 c - a potion of heal wounds
 e - 4 potions of attraction
 h - 7 potions of curing
 i - 2 potions of flight
 l - 8 potions of lignification
 p - 3 potions of might {unknown}
 s - 3 potions of resistance
 v - a potion of brilliance {unknown}
 w - a potion of berserk rage {unknown}
 z - 3 potions of invisibility {unknown}
 J - 2 potions of ambrosia {unknown}
 M - 3 potions of mutation {unknown}
Miscellaneous
 f - a phial of floods
 U - a box of beasts


   Skills:
 + Level 11.5 Fighting
 * Level 10.7 Armour
 - Level 1.7 Dodging
 - Level 2.4 Stealth
 - Level 4.0 Shields
 + Level 11.0 Spellcasting
 * Level 6.5 Conjurations
 - Level 3.0 Transmutations
 + Level 17.5 Earth Magic
 - Level 13.0 Invocations


You had 20 spell levels left.
You knew the following spells:

 Your Spells              Type           Power      Damage    Failure   Level
a - Sandblast             Erth           100%       2d20      1%          1
b - Passwall              Tmut/Erth      58%        N/A       1%          2
c - Stone Arrow           Conj/Erth      100%       3d13      1%          3
d - Petrify               Tmut/Erth      70%        N/A       5%          4
e - Iron Shot             Conj/Erth      38%        9d8       38%         6

Your spell library contained the following spells:

 Spells                   Type           Power      Damage    Failure   Level
 Momentum Strike          Conj/Tloc      76%        3d10      16%         2
 Necrotise                Necr           68%        1d7       36%         1
 Slow                     Hex            68%        N/A       36%         1
 Lesser Beckoning         Tloc           34%        N/A       50%         2
 Iskenderun's Battlesphe  Conj           56%        2d11      58%         5
 Statue Form              Tmut/Erth      46%        N/A       65%         6
 Confusing Touch          Hex            17%        N/A       75%         3
 Gell's Gravitas          Tloc           17%        N/A       75%         3
 Teleport Other           Tloc           17%        N/A       75%         3
 Vampiric Draining        Necr           17%        2d7       75%         3
 Agony                    Necr           17%        N/A       100%        5
 Metabolic Englaciation   Hex/Ice        8%         N/A       100%        5
 Summon Forest            Summ/Tloc      8%         N/A       100%        5
 Summon Mana Viper        Hex/Summ       17%        N/A       100%        5
 Dispersal                Tloc           8%         N/A       100%        6
 Simulacrum               Ice/Necr       8%         N/A       100%        6
 Summon Cactus Giant      Summ           8%         N/A       100%        6
 Ozocubu's Refrigeration  Ice            8%         4d9       100%        7
 Spellforged Servitor     Conj/Summ      19%        N/A       100%        7
 Polar Vortex             Ice            8%         N/A       100%        9
 Blink                    Tloc           Unusable   N/A       N/A         2

Dungeon Overview and Level Annotations

Branches:
Dungeon (13/15)            Temple (1/1) D:4            Lair (5/5) D:10
 Shoals (0/4) Lair:2        Snake (0/4) Lair:3        Slime (0/5) Lair:4
    Orc (0/2) D:11
 Vaults: D:13-14

Altars:
Ashenzari
Cheibriados
Dithmenos
Elyvilon
Fedhas
Gozag
Hepliaklqana
Kikubaaqudgha
Makhleb
Nemelex Xobeh
Okawaru
Qazlal
Ru
Sif Muna
Trog
Uskayaw
Vehumet
Wu Jian
Xom
Yredelemnul
Zin
The Shining One

Shops:
D:5 :   D:9 [!   D:12 *

Annotations:
Lair:5 2 transporters, mmBingo's ghost, journeyman DsIE


Innate Abilities, Weirdness & Mutations

You cannot be hasted, slowed, berserked, paralysed or teleported.
You can dig through walls and to a lower floor.
You have a pair of large antennae on your head. (SInv)
Your four strong arms can wield two-handed weapons with a shield.


Message History

You hold your ground!
The dire elephant trunk-slaps you.
* * * LOW HITPOINT WARNING * * *
Casting: Stone Arrow (safe; 1% risk of failure)
Confirm with . or Enter, or press ? or * to list all spells.
Aiming: Stone Arrow (safe; 1% risk of failure)
Press: ? - help, Shift-Dir - straight line, f/p - dire elephant
Aim: a dire elephant (moderately wounded, very poisoned, slow, 100% to hit)
The stone arrow hits the dire elephant!
The dire elephant is moderately wounded.
Unknown command.
Casting: Stone Arrow (safe; 1% risk of failure)
Confirm with . or Enter, or press ? or * to list all spells.
Aiming: Stone Arrow (safe; 1% risk of failure)
Press: ? - help, Shift-Dir - straight line, f/p - dire elephant
Aim: a dire elephant (moderately wounded, very poisoned, slow, 100% to hit)
The stone arrow hits the dire elephant!
The dire elephant is heavily wounded.
The dire elephant tramples you!
* * * LOW HITPOINT WARNING * * *
You hold your ground!
The dire elephant trunk-slaps you but does no damage.
Casting: Stone Arrow (safe; 1% risk of failure)
Confirm with . or Enter, or press ? or * to list all spells.
Aiming: Stone Arrow (safe; 1% risk of failure)
Press: ? - help, Shift-Dir - straight line, f/p - dire elephant
Aim: a dire elephant (heavily wounded, very poisoned, slow, 100% to hit)
The stone arrow hits the dire elephant!
The dire elephant is severely wounded.
You block the dire elephant's attack. The dire elephant trunk-slaps you.
* * * LOW HITPOINT WARNING * * *
Casting: Stone Arrow (safe; 1% risk of failure)
Confirm with . or Enter, or press ? or * to list all spells.
Aiming: Stone Arrow (safe; 1% risk of failure)
Press: ? - help, Shift-Dir - straight line, f/p - dire elephant
Aim: a dire elephant (severely wounded, very poisoned, slow, 100% to hit)
The stone arrow hits the dire elephant!
The dire elephant is severely wounded.
The dire elephant is no longer moving slowly.
The dire elephant tramples you!!
You die...

**++**##.#........#........
*8,Y8##8.#.#....##.........
*,,YY#8..'.......#......#..
*,,.{#.⌠.'...............#.
*,,[p#8..'.....#.#.....#...
*8,,8**8,#....?.##.....##..
********,#Z............#...
**8,,8**,#Y#..........#.#..
*,,,,{,*,#@♣.....##....#...
*,,,{{,*,#♣##....##...###..
*,,,{,**,#.#...[.##....#..#
**,,,,*,,#......#..#......#
**+****,*#..#...#####......
*,,,*,,,#♣..#.<..#.#...####
*,,,*{*##............###{Y.
*,,**,*#...##.#.....##{{{{.
*,,*,,*#.......#....#.{#.#.


You could see a dire elephant (poisoned) and an elephant skeleton.

Vanquished Creatures
  Nessos (Lair:3)
  A dire elephant (Lair:5)
  Harold (D:10)
  A hydra (Lair:4)
  A centaur warrior (D:13)
  5 two-headed ogres
  A catoblepas (Lair:4)
  2 boulder beetles (D:11)
  4 death yaks (Lair:5)
  Nergalle (Lair:3)
  Sonja (Lair:3)
  4 lindwurms (Lair:4)
  Pikel (D:6)
  An orc knight (D:11)
  2 ugly things
  A manticore (D:11)
  3 cyclopes (D:13)
  6 elephants
  3 black mambas (Lair:3)
  An ice statue (D:10)
  Maurice (D:8)
  A black mamba (shapeshifter) (D:10)
  Joseph (D:9)
  3 gargoyles
  2 torpor snails
  Maggie (D:6)
  16 cane toads
  Psyche (D:10)
  An unseen horror (D:10)
  10 komodo dragons
  2 rime drakes (D:13)
  4 trolls
  A queen bee (D:12)
  2 polar bears
  29 blink frogs
  3 hornets
  11 dream sheep
  6 slime creatures
  A shadow (D:10)
  A centaur simulacrum (D:9)
  3 wyverns
  4 wraiths
  22 yaks
  2 basilisks
  A steam dragon (D:10)
  11 vampire mosquitoes
  Edmund (D:6)
  3 acid dragons
  21 water moccasins
  A floating eye (shapeshifter) (D:10)
  3 ice beasts
  12 orc warriors
  2 sky beasts
  2 black bears
  16 wolves
  A boggart (D:10)
  5 centaurs
  A phantom (D:7)
  9 bullfrogs
  5 kobold brigands
  5 gnoll sergeants
  3 scorpions
  4 wights (D:7)
  A cane toad simulacrum (Lair:5)
  10 killer bees
  6 electric eels
  2 howler monkeys (D:11)
  3 jellies (Lair:4)
  5 hounds
  10 orc priests
  Crazy Yiuf (D:2)
  2 sleepcaps (D:6)
  Natasha (thrice) (D:4)
  4 iguanas
  15 orc wizards
  4 adders
  19 gnolls
  A shadow imp (D:7)
  2 white imps
  4 worms (D:12)
  2 dart slugs
  37 orcs
  6 bats
  6 endoplasms
  2 giant cockroaches (D:1)
  5 goblins
  7 hobgoblins
  3 jackals (D:1)
  A quokka (D:1)
  5 ball pythons
  6 frilled lizards
  20 kobolds
  10 rats
477 creatures vanquished.

Notes
Turn   | Place    | Note
-------+----------+-------------------------------------------
     0 | D:1      | Bnni the Formicid Earth Elementalist began the quest for
                  | the Orb.
     0 | D:1      | Reached XP level 1. HP: 13/13 MP: 3/3
    89 | D:1      | Reached XP level 2. HP: 20/20 MP: 0/5
   183 | D:1      | Reached skill level 4 in Earth Magic
   399 | D:1      | Reached XP level 3. HP: 25/25 MP: 2/6
   441 | D:1      | Reached skill level 1 in Fighting
  1294 | D:2      | Reached XP level 4. HP: 32/32 MP: 7/7
  1682 | D:2      | Learned a level 2 spell: Passwall
  1686 | D:2      | Learned a level 3 spell: Stone Arrow
  1686 | D:2      | Found a runed translucent door.
  1687 | D:2      | Noticed Crazy Yiuf
  1693 | D:2      | Killed Crazy Yiuf
  1694 | D:2      | Reached XP level 5. HP: 38/38 MP: 5/9
  2140 | D:3      | Reached skill level 5 in Earth Magic
  2831 | D:3      | Found a hide-covered altar of Uskayaw.
  3079 | D:4      | Noticed Natasha
  3083 | D:4      | Killed Natasha
  3084 | D:4      | Reached XP level 6. HP: 33/44 MP: 7/10
  3162 | D:4      | Found a staircase to the Ecumenical Temple.
  3213 | D:3      | Learned a level 4 spell: Petrify
  3316 | D:4      | Noticed Natasha
  3323 | D:4      | Killed Natasha
  3329 | D:4      | Noticed Natasha
  3334 | D:4      | Killed Natasha
  3335 | D:4      | Reached skill level 1 in Invocations
  3438 | Temple   | Entered the Ecumenical Temple
  3443 | Temple   | Became a worshipper of Cheibriados the Contemplative
  3525 | D:4      | Found a blossoming altar of Fedhas.
  3606 | D:4      | Found a hazy altar of Hepliaklqana.
  3609 | D:4      | Reached skill level 6 in Earth Magic
  3744 | D:5      | Entered Level 5 of the Dungeon
  3808 | D:5      | Reached XP level 7. HP: 51/51 MP: 10/12
  3919 | D:5      | Found Safud's Self-Improvement Boutique.
  4064 | D:5      | Found an ancient bone altar of Kikubaaqudgha.
  4117 | D:5      | Found a bloodstained altar of Trog.
  4321 | D:5      | Found a radiant altar of Vehumet.
  4476 | D:5      | Reached * piety under Cheibriados
  4477 | D:5      | Reached skill level 7 in Earth Magic
  4565 | D:6      | Noticed Edmund
  4573 | D:6      | Killed Edmund
  4574 | D:6      | Reached XP level 8. HP: 52/60 MP: 14/14
  4654 | D:6      | Noticed Maggie
  4668 | D:6      | Killed Maggie
  4669 | D:6      | Reached skill level 8 in Earth Magic
  4787 | D:6      | Reached skill level 5 in Spellcasting
  4824 | D:6      | Reached XP level 9. HP: 50/66 MP: 8/16
  5053 | D:6      | Reached skill level 5 in Fighting
  5053 | D:6      | Reached skill level 9 in Earth Magic
  5210 | D:6      | Noticed Pikel
  5219 | D:6      | You fall into a shaft and drop 2 floors!
  5374 | D:7      | Reached skill level 5 in Invocations
  5556 | D:7      | Found an ornate altar of the Wu Jian Council.
  5557 | D:7      | Found a shadowy altar of Dithmenos.
  5559 | D:7      | Found a burning altar of Makhleb.
  5790 | D:7      | Reached ** piety under Cheibriados
  5806 | D:7      | Reached skill level 10 in Earth Magic
  6028 | D:6      | Reached XP level 10. HP: 76/76 MP: 17/19
  6146 | D:6      | Killed Pikel
  6147 | D:6      | Reached skill level 11 in Earth Magic
  7380 | D:8      | Reached *** piety under Cheibriados
  7384 | D:8      | Found an iron altar of Okawaru.
  7527 | D:8      | You fall into a shaft and drop 2 floors!
  7527 | D:10     | Entered Level 10 of the Dungeon
  7577 | D:10     | Noticed a cyan ugly thing
  7580 | D:10     | You fall into a shaft and drop 3 floors!
  7812 | D:13     | Noticed a cyclops
  7815 | D:13     | Killed a cyclops
  7967 | D:13     | Reached skill level 12 in Earth Magic
  8071 | D:12     | Noticed a green ugly thing
  8080 | D:12     | Killed a green ugly thing
  8081 | D:12     | Reached XP level 11. HP: 84/84 MP: 6/22
  8237 | D:11     | Noticed a two-headed ogre
  8504 | D:12     | Found Wagapaik's Assorted Antiques.
  8717 | D:12     | Identified the +10 falchion of the Cup {flame, rCorr Int+4
                  | Dex+3}
  8801 | D:12     | Noticed a two-headed ogre
  8804 | D:12     | Killed a two-headed ogre
  8805 | D:12     | Reached skill level 13 in Earth Magic
  9527 | D:10     | Reached **** piety under Cheibriados
  9691 | D:9      | Noticed Joseph
  9746 | D:9      | Killed Joseph
 10049 | D:8      | Found a glowing silver altar of Zin.
 10084 | D:8      | Noticed Maurice
 10091 | D:8      | Killed Maurice
 10370 | D:8      | Learned a level 6 spell: Iron Shot
 10686 | D:9      | Found a glowing golden altar of the Shining One.
 10688 | D:9      | Identified the +5 trident of Nemelex Xobeh's Envy {freeze,
                  | Fragile rN+ Will+ Stlth+}
 10883 | D:9      | Found Denijuluwn's Distillery.
 11158 | D:9      | Found Korphacw's Armour Boutique.
 11275 | D:9      | Reached skill level 14 in Earth Magic
 11275 | D:9      | Reached XP level 12. HP: 86/94 MP: 20/24
 11314 | D:9      | Reached skill level 1 in Conjurations
 11500 | D:10     | Noticed a two-headed ogre
 11504 | D:10     | Killed a two-headed ogre
 11858 | D:10     | Found a staircase to the Lair.
 12260 | D:10     | Reached skill level 1 in Shields
 12371 | D:10     | Reached ***** piety under Cheibriados
 12828 | D:10     | Noticed Psyche
 12832 | D:10     | Killed Psyche
 13143 | D:10     | Noticed Harold
 13152 | D:10     | Killed Harold
 13417 | D:10     | Noticed a two-headed ogre
 13421 | D:10     | Killed a two-headed ogre
 13422 | D:10     | Reached skill level 10 in Invocations
 13724 | D:11     | Found a staircase to the Orcish Mines.
 13735 | D:11     | Reached skill level 15 in Earth Magic
 13879 | D:11     | Noticed a boulder beetle
 13892 | D:11     | Killed a boulder beetle
 13956 | D:11     | Killed a two-headed ogre
 13957 | D:11     | Reached XP level 13. HP: 103/103 MP: 9/26
 14952 | D:12     | Reached skill level 10 in Fighting
 15341 | D:13     | Noticed a centaur warrior
 15347 | D:13     | Killed a centaur warrior
 15535 | D:13     | Reached ****** piety under Cheibriados
 16043 | Lair:1   | Entered Level 1 of the Lair of Beasts
 16168 | D:5      | Bought a manual of Armour for 960 gold pieces
 16518 | Lair:1   | Reached skill level 1 in Armour
 17079 | Lair:1   | Reached skill level 16 in Earth Magic
 17425 | Lair:2   | Identified the +3 war axe "Imuadwix" {venom, rElec rC+ rN+}
 18033 | Lair:2   | Found a staircase to the Shoals.
 18128 | Lair:2   | Reached skill level 10 in Spellcasting
 18540 | Lair:3   | Noticed Nergalle
 18548 | Lair:3   | Killed Nergalle
 18784 | Lair:3   | Noticed Nessos
 18790 | Lair:3   | Killed Nessos
 18791 | Lair:3   | Reached XP level 14. HP: 17/111 MP: 10/28
 19026 | Lair:3   | Found a staircase to the Snake Pit.
 19039 | Lair:3   | Reached skill level 5 in Armour
 19302 | Lair:3   | Identified the +2 ring mail of the Butterfly {Str+3}
 19480 | Lair:3   | Noticed Sonja
 19497 | Lair:3   | Killed Sonja
 19498 | Lair:3   | Reached skill level 5 in Conjurations
 19962 | Lair:4   | Found a staircase to the Slime Pits.
 20891 | Lair:4   | HP: 2/113 [komodo dragon (24)]
 21362 | Lair:4   | Found the +7 captain's cutlass {speed, disarm}
 21374 | Lair:4   | Reached skill level 17 in Earth Magic
 21790 | Lair:4   | Identified the +2 leather armour "Utuq" {-Tele rN+ MP+9}
 21838 | Lair:5   | Entered Level 5 of the Lair of Beasts
 22910 | Lair:5   | Found a transporter.
 23265 | Lair:5   | Found a sacrificial altar of Ru.
 23304 | Lair:5   | Reached XP level 15. HP: 106/109 MP: 16/29
 23665 | Lair:5   | Reached skill level 10 in Armour
 24296 | Lair:5   | Found a transporter.
 24356 | Lair:5   | Noticed mmBingo's ghost (journeyman DsIE)
 24437 | Lair:5   | Slain by a dire elephant

Illustrated notes

Levels and vault maps discovered:
D:1:      lightli_arrival_quake, layout_basic
D:2:      layout_loops_ring, uniq_crazy_yiuf_cottage
D:3:      layout_loops_corners, nicolae_uskayaw_suspiria
D:4:      layout_cave_pools, fedhas_altar_fruit_tree,
          worldfamousw_hep_ancestral_shrine, minmay_temple_entry_proselytizer,
          uniq_natasha
D:5:      layout_loops_ring, trog_three_pillars_becter, vehumet_crystals,
          kiku_gazebo_garden_becter, nicolae_shop_self_help
D:6:      layout_gridville, small_statue_intersection, uniq_maggie, uniq_pikel,
          uniq_edmund
D:7:      layout_basic, gammafunk_temple_overflow_forgotten, serial_curves,
          eino_curves_04, eino_curves_03, minmay_bent
D:8:      layout_cave_pools, okawaru_altar_gauntlet_db, kennysheep_little_box,
          nrook_campfire, grunt_decor_arrowhead, uniq_maurice
D:9:      layout_cave_pools, mainiacjoe_overflow_cross_hatched, serial_shops,
          shop, nicolae_shop_hallway_plus, uniq_joseph
D:10:     nzn_winding_woodlands_stair_cross [nzn_winding_woodlands_5x15_default,
          nzn_winding_woodlands_center_garden, nzn_winding_woodlands_5x15_cabin,
          nzn_winding_woodlands_hourglass, nzn_winding_woodlands_5x5_perimeter,
          nzn_winding_woodlands_5x15_zeroes,
          nzn_winding_woodlands_center_diamonds,
          nzn_winding_woodlands_5x15_crooked], layout_basic,
          grunt_lair_entry_orc_guard_hut, grunt_ministairs_2, minivault_15,
          uniq_psyche, uniq_harold
D:11:     layout_cave_pools, orc_david_3, minmay_starry_boxes
D:12:     layout_basic, serial_shops, nicolae_shop_overgrown_old_shop,
          hive_lemuel
D:13:     layout_roguey, portal_ice_cave_rime, serial_glass, glass_columns_b,
          glass_columns_b, glass_columns_b, chequers_serial_rivers_micro_a
Temple:   hellmonk_temple_micro_hex
Lair:1:   layout_roguey, serial_bayou, serial_bayou_pond_d, serial_bayou_pond_c,
          serial_bayou_pond_c, serial_bayou_pond_c, serial_bayou_pond_a,
          serial_bayou_shore_b, serial_bayou_pond_e
Lair:2:   layout_roguey, elwin_shoals_entry_rocks
Lair:3:   layout_regular_city, minmay_snake_entry_six_corridors, uniq_nessos,
          uniq_sonja, uniq_nergalle
Lair:4:   layout_loops_ring, nicolae_slime_entry_field_trip,
          minmay_lindwurm_lava, serial_bayou_shore_a, infiniplex_staircase_pool,
          grunt_megastairs_2
Lair:5:   due_jungle_book, layout_concentric_octagons, basic_altar,
          gammafunk_ghost_berserking_beasts, lightli_volcano_entry_magma_tube,
          fungi_pond_lemuel, serial_bayou_pond_e, serial_bayou_shore_b

Skill      XL: |  1  2  3  4  5  6  7  8  9 10 11 12 13 14 15 |
---------------+----------------------------------------------+-----
Earth Magic    | 4 5 6 7 8 10 12 14 15 16 17 | 17.5
Fighting       | 1 2 3 4 6 7 8 9 10 11 | 11.5
Transmutations | 2 3 |  3.0
Spellcasting   | 3 4 5 6 7 8 9 10 11 | 11.0
Invocations    | 1 3 4 6 7 9 10 12 13 | 13.0
Conjurations   | 3 4 5 6 |  6.5
Shields        | 3 4 |  4.0
Armour         | 4 9 10 | 10.7
Dodging        | |  1.7
Stealth        | |  2.4

Action                     |  1- 3 |  4- 6 |  7- 9 | 10-12 | 13-15 || total
---------------------------+-------+-------+-------+-------+-------++-------
  Melee: Unarmed           |     3 |       |       |       |       ||     3
         Short sword       |    35 |    58 |       |       |       ||    93
         Punch             |       |     1 |     1 |       |       ||     2
         Morningstar       |       |       |    14 |       |       ||    14
         Falchion          |       |       |       |    61 |    35 ||    96
         War axe           |       |       |       |       |   141 ||   141
   Fire: Shortbow          |       |       |       |    30 |       ||    30
  Throw: Dart              |       |       |     5 |    13 |     8 ||    26
         Throwing net      |       |       |       |     2 |     5 ||     7
   Cast: Sandblast         |    30 |    54 |   117 |   279 |   306 ||   786
         Stone Arrow       |       |       |     1 |    78 |   119 ||   198
         Petrify           |       |       |       |     2 |     8 ||    10
 Invoke: Slouch            |       |       |       |       |     8 ||     8
         Step From Time    |       |       |       |       |     3 ||     3
         Bend Time         |       |       |       |       |     2 ||     2
Ability: Shaft Self        |       |       |     1 |     1 |       ||     2
         Dig               |       |       |     1 |     1 |    11 ||    13
  Evoke: Wand              |       |       |     9 |     1 |     8 ||    18
    Use: Scroll            |       |     4 |     3 |     5 |     8 ||    20
         Potion            |       |       |       |     8 |     7 ||    15
   Stab: Sleeping          |     5 |     3 |       |       |       ||     8
         Petrified         |       |       |       |       |    10 ||    10
 Armour: Robe              |    13 |    17 |       |       |       ||    30
         Ring mail         |       |     8 |    13 |       |       ||    21
         Steam dragon scal |       |       |    20 |     5 |       ||    25
         Plate armour      |       |       |       |   243 |   337 ||   580
         Skin              |       |       |       |    21 |       ||    21
  Dodge: Dodged            |    43 |    60 |    54 |   147 |   188 ||   492
  Block: Buckler           |       |       |       |    53 |   201 ||   254
